 Dungeon Crawl Stone Soup version 0.19-a0-1513-gf6d23ed (webtiles) character file.

908 TheGoonsmith the Ruffian (level 7, -12/53 HPs)
             Began as a Demonspawn Gladiator on Sept 12, 2016.
             Was a Follower of Nemelex Xobeh.
             Mangled by an ogre
             ... wielding a +0 giant club
              (27 damage)
             ... on level 6 of the Dungeon.
             The game lasted 00:08:43 (4758 turns).

TheGoonsmith the Ruffian (Demonspawn Gladiator)     Turns: 4758, Time: 00:08:44

Health: -12/53     AC:  9    Str: 17    XL:     7   Next: 81%
Magic:  7/7        EV:  7    Int:  9    God:    Nemelex Xobeh [*.....]
Gold:   191        SH:  0    Dex: 14    Spells: 0 memorised, 6 levels left

rFire  . . .     SeeInvis .       - Unarmed
rCold  . . .     Gourm    .     l - +0 chain mail
rNeg   . . .     Faith    .     (no shield)
rPois  .         Spirit   .     c - +0 helmet
rElec  .         Dismiss  .     (no cloak)
rCorr  .         Reflect  .     (no gloves)
MR     .....     Harm     .     (no boots)
Stlth  ..........               (no amulet)
                                (no ring)
                                (no ring)

@: no status effects
A: claws 1, powered by death 2
a: Renounce Religion


You were on level 6 of the Dungeon.
You worshipped Nemelex Xobeh.
Nemelex Xobeh was aware of your devotion.
You were not hungry.

You visited 1 branch of the dungeon, and saw 6 of its levels.

You collected 191 gold pieces.

Inventory:

Hand Weapons
 a - a +0 flail
Missiles
 d - 3 throwing nets (quivered)
Armour
 b - a +0 leather armour
 c - a +0 helmet (worn)
 h - a +0 ring mail
 l - a +0 chain mail (worn)
Jewellery
 v - a +3 amulet of reflection {unknown}
Scrolls
 g - a scroll of teleportation
 o - 2 scrolls of blinking
 p - 6 scrolls of identify
 r - 2 scrolls of remove curse {unknown}
 s - 2 scrolls of fog {unknown}
 w - a scroll of magic mapping {unknown}
 x - a scroll of enchant weapon {unknown}
 A - 2 scrolls of fear {unknown}
Potions
 e - 2 potions of curing
 i - 3 potions of flight
 j - a potion of resistance {unknown}
 k - a potion of mutation {unknown}
 m - a potion of berserk rage {unknown}
 q - a potion of beneficial mutation {unknown}
 t - 4 potions of degeneration {unknown}
Miscellaneous
 y - an ornate deck of summoning {drawn: 2}
Comestibles
 f - 4 bread rations
 n - 3 meat rations
 u - 3 fruits
 z - a beef jerky


   Skills:
 + Level 3.9 Fighting
 - Level 4.5 Maces & Flails
 - Level 1.7 Throwing
 - Level 2.6 Dodging
 * Level 6.4 Unarmed Combat


You had 6 spell levels left.
You didn't know any spells.

Dungeon Overview and Level Annotations

Branches:
Dungeon (6/15)
 Temple: D:4-7

Altars:
Cheibriados
Nemelex Xobeh
Yredelemnul

Shops:
D:5 %


Innate Abilities, Weirdness & Mutations

You have sharp fingernails.
You regenerate health from kills.


Message History

The ogre hits you with a giant club!
You barely miss the ogre.
The ogre is moderately wounded.
The ogre closely misses you.
You scratch the ogre.
The ogre is heavily wounded.
You scratch the ogre.
The ogre is heavily wounded.
The ogre hits you but does no damage.
You claw the ogre!
The ogre is severely wounded.
The ogre hits you with a giant club!!
Ouch! That really hurt!
* * * LOW HITPOINT WARNING * * *
You are too injured to fight recklessly!
Evoke which item? (* to show all) (? for menu, Esc to quit)
You draw a card...
It is the Pentagram.
The ogre hits you with a giant club!!
Ouch! That really hurt!
You die...
Your body glows slightly and disappears.

#.# #.# ..# ..
#.# #.# #.# #.#
#.# #.# ####
#h# # #.# ...#
#O# # #.#.#
<... ###@##....
#.#.####..
#<.4....#
#...<#....
#.#####.#
###.##.#.# #.#
#.##.#.### #.#
#..#.#...# #[#
#......#.###.#
#.....#.#.....#
###......######


You could see an ice devil, an ogre and a friendly hell hound.

Vanquished Creatures
  2 howler monkeys (D:5)
  2 crimson imps (D:5)
  3 hounds
  7 orc wizards
  3 orc priests
  Jessica (D:3)
  4 worker ants (D:5)
  9 adders
  A shadow imp (D:5)
  An ooze (D:2)
  2 adder skeletons
  8 dart slugs
  3 giant geckos
  16 orcs
  4 giant cockroaches
  5 goblins
  8 hobgoblins
  6 jackals
  2 quokkas
  5 bats
  6 giant newts
  10 kobolds
  10 rats
118 creatures vanquished.

Vanquished Creatures (collateral kills)
  A scorpion (D:5)
1 creature vanquished.

Grand Total: 119 creatures vanquished

Notes
Turn   | Place    | Note
-------+----------+-------------------------------------------
     0 | D:1      | TheGoonsmith the Demonspawn Gladiator began the quest for the Orb.
     0 | D:1      | Reached XP level 1. HP: 16/16 MP: 1/1
   242 | D:1      | Gained mutation: You regenerate a little health from kills. [demonic ancestry]
   242 | D:1      | Reached XP level 2. HP: 22/22 MP: 2/2
   303 | D:1      | You fall through a shaft!
   709 | D:2      | Reached XP level 3. HP: 27/27 MP: 3/3
  1262 | D:1      | Gained mutation: You have sharp fingernails. [demonic ancestry]
  1262 | D:1      | Reached XP level 4. HP: 33/33 MP: 4/4
  2115 | D:3      | Reached skill level 1 in Unarmed Combat
  2510 | D:3      | Found a sparkling altar of Nemelex Xobeh.
  2510 | D:3      | Noticed Jessica
  2515 | D:3      | Killed Jessica
  2515 | D:3      | Reached skill level 2 in Unarmed Combat
  2515 | D:3      | Reached XP level 5. HP: 22/38 MP: 5/5
  2518 | D:3      | Became a worshipper of Nemelex Xobeh the Trickster
  2797 | D:4      | Received a gift from Nemelex Xobeh
  3122 | D:4      | Reached skill level 3 in Unarmed Combat
  3363 | D:4      | Reached * piety under Nemelex Xobeh
  3516 | D:4      | Reached skill level 4 in Unarmed Combat
  3516 | D:4      | Gained mutation: You regenerate health from kills. [demonic ancestry]
  3516 | D:4      | Reached XP level 6. HP: 43/44 MP: 6/6
  3769 | D:5      | Entered Level 5 of the Dungeon
  4041 | D:5      | Found Kezin's Food Emporium.
  4057 | D:5      | Reached skill level 5 in Unarmed Combat
  4093 | D:5      | Reached XP level 7. HP: 47/51 MP: 7/7
  4302 | D:5      | Reached skill level 6 in Unarmed Combat
  4712 | D:6      | Found a snail-covered altar of Cheibriados.
  4715 | D:6      | Found a basalt altar of Yredelemnul.
  4720 | D:6      | Found a sparkling altar of Nemelex Xobeh.
  4758 | D:6      | Noticed an ice devil
  4758 | D:6      | Mangled by an ogre

Vault maps used:
D:1:      nagdon_arrival_zigzag_paths, minmay_quantized
D:3:      nemelex_lonely_heart_becter
D:4:      kennysheep_slugbush, serial_bayou_ford_a
D:5:      serial_shops, shop, first_bread
D:6:      nicolae_overflow_hidden_temple, minmay_misc_feat_alley,
          uniq_crazy_yiuf_cottage

Skill      XL: |  1  2  3  4  5  6  7 |
---------------+----------------------+-----
Maces & Flails | 3 4 |  4.5
Unarmed Combat | 2 4 5 6 |  6.4
Fighting       | 3 |  3.9
Throwing       | |  1.7
Dodging        | |  2.6

Action                   |  1- 3 |  4- 6 |  7- 9 || total
-------------------------+-------+-------+-------++-------
Melee: Flail             |   128 |   240 |       ||   368
       Punch             |       |     3 |       ||     3
       Unarmed           |       |    52 |   138 ||   190
Evoke: Deck              |       |     1 |     1 ||     2
  Use: Scroll            |       |     4 |       ||     4
       Potion            |       |     2 |       ||     2
  Eat: Chunk             |     1 |    10 |     2 ||    13
Armor: Leather armour    |     8 |       |       ||     8
       Ring mail         |     7 |       |       ||     7
       Chain mail        |    61 |   209 |    72 ||   342
Dodge: Dodged            |    70 |   108 |    47 ||   225
